 Dungeon Crawl Stone Soup version 0.25-a0-603-g0321be95db (webtiles) character file.

Game seed: 8421680952627389639, levelgen mode: deterministic

538 Motbakke the Stinger (level 7, -6/52 HPs)
             Began as a Purple Draconian Venom Mage on Mar 15, 2020.
             Mangled by Menkaure (9 damage)
             ... on level 5 of the Dungeon on Mar 16, 2020.
             The game lasted 01:25:57 (5446 turns).

Motbakke the Stinger (Purple Draconian Venom Mage)  Turns: 5446, Time: 01:25:57

Health: -6/52      AC:  6    Str:  7 (10) XL:     7   Next: 5%
Magic:  13/13      EV: 12    Int: 17 (18) God:
Gold:   184        SH:  5    Dex:  8 (11) Spells: 1/14 levels left

rFire    x . .     SeeInvis .   j - +1 hand axe (elec)
rCold    + . .     Gourm    .   (no shield)
rNeg     . . .     Faith    .   (armour unavailable)
rPois    .         Spirit   .   (helmet restricted)
rElec    .         Reflect  +   (no cloak)
rCorr    .         Harm     .   (no gloves)
MR       +....                  (no boots)
Stlth    ++........             z - +5 amulet of reflection
HPRegen  0.17/turn              v - ring of ice
MPRegen  0.13/turn              h - ring of wizardry

@: no status effects
A: breathe power, unfitting armour, cold-blooded, AC +6
a: Breathe Dispelling Energy


You were on level 5 of the Dungeon.
You were not hungry.

You visited 1 branch of the dungeon, and saw 5 of its levels.

You collected 184 gold pieces.

Inventory:

Hand Weapons
 a - a +0 short sword
 b - a +0 trident
 c - a +0 dagger
 j - a +1 hand axe of electrocution (weapon)
 n - a +0 mace
 y - a +2 dagger of speed
Missiles
 d - 39 sling bullets
 e - 146 stones (quivered)
 i - 42 bolts
 t - 8 datura-tipped darts
Jewellery
 g - an uncursed ring of flight {unknown}
 h - a ring of wizardry (right hand)
 s - an uncursed amulet of regeneration {unknown}
 v - a ring of ice (left hand)
 z - a +5 amulet of reflection (around neck)
Scrolls
 f - 2 scrolls of amnesia
 k - a scroll of magic mapping
 l - a scroll of random uselessness {unknown}
 A - a scroll of remove curse
Potions
 m - 2 potions of curing {unknown}
 o - a potion of brilliance {unknown}
 p - a potion of haste {unknown}
 q - a potion of might
 r - a potion of invisibility {unknown}
 B - a potion of flight
Comestibles
 x - 4 rations


   Skills:
 + Level 1.6 Fighting
 + Level 1.4 Short Blades
 + Level 2.6 Axes
 + Level 2.4 Throwing
 + Level 2.9 Dodging
 + Level 2.4 Stealth
 + Level 4.0 Spellcasting
 + Level 1.0 Transmutations
 + Level 1.9 Air Magic
 + Level 4.0 Poison Magic


You had one spell level left.
You knew the following spells:

 Your Spells              Type           Power        Failure   Level  Hunger
a - Sting                 Tmut/Pois      ##..         2%          1    None
b - Poisonous Vapours     Pois/Air       ##....       2%          2    ##.....
c - Mephitic Cloud        Conj/Pois/Air  ##......     9%          3    ###....
d - Ignite Poison         Fire/Tmut/Pois #.......     10%         3    ###....
e - Olgreb's Toxic Radia  Pois           ###.....     12%         4    ####...

Your spell library contained the following spells:

 Spells                   Type           Power        Failure   Level  Hunger


Dungeon Overview and Level Annotations

Branches:
Dungeon (5/15)
 Temple: D:4-7

Altars:
Ashenzari
Elyvilon
Gozag
Wu Jian

Shops:
D:4 *

Annotations:
D:5 Menkaure


Innate Abilities, Weirdness & Mutations

You can breathe bolts of dispelling energy.
Your rich purple scales are hard. (AC +6)
You cannot fit into any form of body armour.
You are cold-blooded and may be slowed by cold attacks.


Message History

Okay, then.
Casting: Poisonous Vapours (safe; 2% risk of failure)
Confirm with . or Enter, or press ? or * to list all spells.
Okay, then.
l - a scroll labeled TUXTISCH VAKHLI Menkaure shouts!
Menkaure calls on the powers of darkness!
Your body is wracked with pain!
You hit Menkaure but do no damage. Lightning courses through Menkaure!
Menkaure is severely damaged.
Menkaure hits you!
You barely miss Menkaure. You tail-slap Menkaure.
Menkaure is severely damaged.
Menkaure hits you!
* * * LOW HITPOINT WARNING * * *
It was a potion of degeneration.
There was something very wrong with that liquid.
You feel weakened.
You feel dopey.
You feel clumsy. Menkaure hits you!
You die...

################
#..............#
########.############.##
......M@................
.........############.##
..######## ........#
#######.# #.## #... #...
#..# #..#


You could see Menkaure.

Vanquished Creatures
  An ogre (D:4)
  2 crimson imps
  2 orc priests (D:3)
  2 hounds (D:4)
  Terence (D:2)
  An orc wizard (D:3)
  A worker ant (D:4)
  8 adders
  A shadow imp (D:5)
  A worm (D:2)
  A dart slug (D:1)
  5 leopard geckos
  5 orcs (D:3)
  6 giant cockroaches
  10 goblins
  11 hobgoblins
  14 jackals
  9 kobolds
  4 quokkas
  A ball python (D:1)
  9 bats
  2 frilled lizards (D:2)
  10 rats
107 creatures vanquished.

Notes
Turn   | Place    | Note
-------+----------+-------------------------------------------
     0 | D:1      | Motbakke the Draconian Venom Mage began the quest for the
                  | Orb.
     0 | D:1      | Reached XP level 1. HP: 14/14 MP: 3/3
   267 | D:1      | Reached XP level 2. HP: 11/20 MP: 5/5
  1029 | D:1      | Reached XP level 3. HP: 24/26 MP: 6/6
  1113 | D:1      | Reached skill level 1 in Throwing
  1217 | D:2      | Learned a level 2 spell: Poisonous Vapours
  1516 | D:2      | Noticed Terence
  2365 | D:2      | Killed Terence
  2365 | D:2      | Reached skill level 1 in Short Blades
  2365 | D:2      | Reached XP level 4. HP: 34/34 MP: 0/7
  3404 | D:3      | Reached skill level 1 in Air Magic
  3404 | D:3      | Reached XP level 5. HP: 36/39 MP: 1/8
  3460 | D:3      | Reached skill level 1 in Fighting
  3596 | D:3      | Reached skill level 1 in Axes
  3939 | D:3      | Found an opulent altar of Gozag.
  4173 | D:3      | Reached XP level 6. HP: 47/47 MP: 4/9
  5058 | D:4      | Found a faded altar of an unknown god.
  5058 | D:4      | Found a faded altar of an unknown god.
  5063 | D:4      | Found an ornate altar of the Wu Jian Council.
  5068 | D:4      | Found a white marble altar of Elyvilon.
  5070 | D:4      | Found a shattered altar of Ashenzari.
  5092 | D:4      | Upgraded the game from 0.25-a0-597-gb30770a0c0 to
                  | 0.25-a0-603-g0321be95db
  5247 | D:4      | Your scales start taking on a rich purple colour.
  5247 | D:4      | Reached XP level 7. HP: 50/52 MP: 12/12
  5280 | D:4      | Learned a level 3 spell: Mephitic Cloud
  5284 | D:4      | Learned a level 3 spell: Ignite Poison
  5289 | D:4      | Learned a level 4 spell: Olgreb's Toxic Radiance
  5327 | D:4      | Found Ulizos's Assorted Antiques.
  5356 | D:5      | Entered Level 5 of the Dungeon
  5438 | D:5      | Noticed Menkaure
  5446 | D:5      | Mangled by Menkaure

Levels and vault maps discovered:
D:1:      dpeg_arrival_three_same_balls, layout_basic
D:2:      layout_basic, chequers_serial_rivers_micro_c,
          minmay_stone_trees_small, uniq_terence
D:3:      layout_loops_ring, lemuel_crystal_altar, first_ration
D:4:      layout_gridville, chequers_temple_overflow_minitemple, serial_shops,
          shop
D:5:      layout_loops_ring, basic_altar, uniq_eustachio, uniq_menkaure

Skill      XL: |  1  2  3  4  5  6  7 |
---------------+----------------------+-----
Throwing       | 1 2 |  2.4
Dodging        | 2 |  2.9
Short Blades   | 1 |  1.4
Stealth        | 2 |  2.4
Air Magic      | 1 |  1.9
Fighting       | 1 |  1.6
Axes           | 1 2 |  2.6
Spellcasting   | 3 4 |  4.0
Poison Magic   | 4 |  4.0
Transmutations | |  1.0

Action                   |  1- 3 |  4- 6 |  7- 9 || total
-------------------------+-------+-------+-------++-------
Melee: Dagger            |   115 |       |       ||   115
       Tailslap          |     7 |     6 |     1 ||    14
       Hand axe          |       |   164 |     5 ||   169
Throw: Stone             |   129 |    74 |     1 ||   204
 Cast: Poisonous Vapours |     7 |    19 |     1 ||    27
 Abil: Breathe Dispellin |       |       |     1 ||     1
  Use: Scroll            |     2 |     5 |     1 ||     8
       Potion            |     1 |       |     1 ||     2
 Stab: Sleeping          |       |     2 |       ||     2
  Eat: Ration            |     2 |     2 |       ||     4
       Chunk             |       |     3 |       ||     3
Armor: Skin              |    42 |    45 |       ||    87
Dodge: Dodged            |    78 |   112 |     1 ||   191
Block: Other             |       |     4 |       ||     4

Table legend:
 A = Non-vault XP
 B = Vault XP
 C = Vault XP percentage of total XP
 D = Non-vault monster count
 E = Vault monster count
 F = Vault count percentage of total count
                 A         B        C        D         E       F
            +---------+---------+-------+---------+---------+-------
      Total |     733 |      36 |   4.7 |     106 |       1 |   0.9
            +---------+---------+-------+---------+---------+-------
        D:1 |      50 |       0 |   0.0 |      29 |       0 |   0.0
        D:2 |      85 |      36 |  29.8 |      13 |       1 |   7.1
        D:3 |     219 |       0 |   0.0 |      44 |       0 |   0.0
        D:4 |     355 |       0 |   0.0 |      18 |       0 |   0.0
        D:5 |      24 |       0 |   0.0 |       2 |       0 |   0.0
            +---------+---------+-------+---------+---------+-------
